 Dungeon Crawl Stone Soup version 0.18.1-50-g88ac8fd (webtiles) character file.

37 Ginkk the Skirmisher (level 3, 0/30 HPs)
             Began as a Demonspawn Abyssal Knight on Sept 25, 2016.
             Was an Initiate of Lugonu.
             Succumbed to a scorpion's poison
             ... on level 4 of the Dungeon.
             The game lasted 00:04:23 (808 turns).

Ginkk the Skirmisher (Demonspawn Abyssal Knight)     Turns: 808, Time: 00:04:24

Health: 0/30       AC:  8    Str: 12    XL:     3   Next: 23%
Magic:  4/4        EV:  9    Int: 13    God:    Lugonu [......]
Gold:   21         SH:  0    Dex: 13    Spells: 0 memorised, 2 levels left

rFire  . . .     SeeInvis .     a - +1 mace
rCold  . . .     Gourm    .     e - +1 scale mail
rNeg   . . .     Faith    .     (no shield)
rPois  .         Spirit   .     (no helmet)
rElec  .         Dismiss  .     (no cloak)
rCorr  .         Reflect  .     h - +0 pair of gloves
SustAt .         Harm     .     (no boots)
MR     .....                    (no amulet)
Stlth  ..........               (no ring)
                                (no ring)

@: lethally poisoned (0 -> -9), not resistant to hostile enchantments, extremely
unstealthy
A: talons 1, rot immunity
a: Renounce Religion


You were on level 4 of the Dungeon.
You worshipped Lugonu.
Lugonu was noncommittal.
You were not hungry.

You visited 1 branch of the dungeon, and saw 5 of its levels.
You visited the Abyss 1 time.

You collected 21 gold pieces.

Inventory:

Hand Weapons
 a - a +1 mace (weapon)
Missiles
 d - 30 poisoned needles
 f - 4 curare-tipped needles
 g - 25 stones (quivered)
Armour
 e - a +1 scale mail (worn)
 h - a +0 pair of gloves (worn)
Comestibles
 b - 2 chunks of flesh
 c - a bread ration


   Skills:
 + Level 3.9 Fighting
 + Level 2.0 Maces & Flails
 + Level 2.1 Armour
 + Level 1.0 Dodging
 + Level 2.6 Invocations


You had 2 spell levels left.
You didn't know any spells.

Dungeon Overview and Level Annotations

Branches:
Dungeon (5/15)
 Temple: D:4-7

Altars:
Trog


Innate Abilities, Weirdness & Mutations

You have sharp toenails.
You are immune to rotting.


Message History

You feel sick. The scorpion stings you.
You completely miss the scorpion.
The scorpion is heavily wounded.
* * * LOW HITPOINT WARNING * * *
You feel sick. The scorpion stings you.
* * * LOW HITPOINT WARNING * * *
You hit the scorpion. Your kick misses the scorpion.
The scorpion is severely wounded.
* * * LOW HITPOINT WARNING * * *
You feel sick. The scorpion stings you.
* * * LOW HITPOINT WARNING * * *
The scorpion stings you but does no damage.
You closely miss the scorpion. Your kick misses the scorpion.
The scorpion is severely wounded.
* * * LOW HITPOINT WARNING * * *
You feel sick. The scorpion misses you.
You hit the scorpion but do no damage.
You claw the scorpion, but do no damage.
The scorpion is severely wounded.
You die...

#..####.......#####...
#.............# ##..
#.#####.#.#.#.# . ..
#.#.#####...#.#.####.#
. #.#.........#.#.....
...................
#.#..#....###.#..##
#..#....###.#..##
#.......+@sa....#
#.##....###.#.>.....
..#...........##.##..#
.....................#
..##############.....
. ###.# #


You could see a scorpion and a worker ant.

Vanquished Creatures
  A hound (D:5)
  A worm (D:4)
  An orc (D:4)
  A bat (D:2)
  A hobgoblin (D:2)
  2 rats (D:1)
7 creatures vanquished.

Vanquished Creatures (others)
  2 starspawn tentacles (Abyss:1)
  30 starspawn tentacle segments (Abyss:1)
32 creatures vanquished.

Grand Total: 39 creatures vanquished

Notes
Turn   | Place    | Note
--------------------------------------------------------------
     0 | Abyss:1  | Ginkk the Demonspawn Abyssal Knight began the quest for the Orb.
     0 | Abyss:1  | Reached XP level 1. HP: 18/18 MP: 2/2
    56 | Abyss:1  | Noticed a tentacled starspawn
    65 | D:1      | Escaped the Abyss
   193 | D:2      | Reached * piety under Lugonu
   340 | D:5      | Entered Level 5 of the Dungeon
   340 | D:5      | Noticed a hound
   356 | D:5      | Killed a hound
   356 | D:5      | Reached skill level 1 in Dodging
   356 | D:5      | Gained mutation: You are immune to rotting. [demonic ancestry]
   356 | D:5      | Reached XP level 2. HP: 12/25 MP: 3/3
   356 | D:5      | Gained mutation: You have sharp toenails. [demonic ancestry]
   356 | D:5      | Reached XP level 3. HP: 14/30 MP: 4/4
   584 | D:4      | Found a bloodstained altar of Trog.
   781 | D:4      | Noticed a scorpion
   807 | D:4      | HP: 1/30 [poisoned by a scorpion]
   808 | D:4      | Succumbed to a scorpion's poison

Skill      XL: |  1 |
---------------+----+-----
Maces & Flails | 2 |  2.0
Armour         | 2 |  2.1
Dodging        | 1 |  1.0
Fighting       | |  3.9
Invocations    | |  2.6

Action                   || total
-------------------------++-------
Melee: Mace              ||    43
       Kick              ||     8
Invok: Depart the Abyss  ||     1
  Use: Scroll            ||     3
       Potion            ||     1
Armor: Scale mail        ||    14
       Leather armour    ||     2
Dodge: Dodged            ||    21
